 Dungeon Crawl Stone Soup version 0.25-a0-734-g73332aeda9 (webtiles) character file.

Game seed: 5094882483832242181, levelgen mode: deterministic

36985 wvc the Spear-Bearer (level 13, -2/124 HPs)
             Began as a Minotaur Gladiator on Apr 10, 2020.
             Was the Champion of Okawaru.
             Slain by Nessos (10 damage)
             ... on level 5 of the Lair of Beasts.
             The game lasted 00:49:46 (17201 turns).

wvc the Spear-Bearer (Minotaur Gladiator)          Turns: 17201, Time: 00:49:46

Health: -2/124     AC: 16    Str: 23    XL:     13   Next: 56%
Magic:  12/12      EV: 18    Int:  8    God:    Okawaru [******]
Gold:   1389       SH: 13    Dex: 17    Spells: 12/12 levels left

rFire    . . .     SeeInvis .   Q - +4 demon trident "Tymedabe" {vamp, rC+}
rCold    + . .     Gourm    .   h - +0 kite shield
rNeg     . . .     Faith    .   R - +2 ring mail of Ynwiutto {Str+4 Stlth+}
rPois    .         Spirit   .   I - +1 hat {Int+3}
rElec    .         Reflect  .   p - +2 cloak
rCorr    .         Harm     .   (no gloves)
MR       .....                  i - +1 pair of boots {Stlth+}
Stlth    ++++......             (no amulet)
HPRegen  0.30/turn              (no ring)
MPRegen  0.13/turn              M - ring of stealth

@: no status effects
A: retaliatory headbutt, horns 2
a: Heroism, Finesse, Renounce Religion


You were on level 5 of the Lair of Beasts.
You worshipped Okawaru.
Okawaru was exalted by your worship.
You were hungry.

You visited 3 branches of the dungeon, and saw 16 of its levels.
You also visited: Ice Cave.

You collected 1389 gold pieces.

Inventory:

Hand Weapons
 s - a +2 vorpal trident
 v - a +0 spear of distortion
 w - a +1 spear of freezing
 D - a +1 spear of venom
 G - a +3 glaive of venom
 H - a +2 glaive of freezing
 Q - the +4 demon trident "Tymedabe" (weapon) {vamp, rC+}
   (Okawaru gifted it to you on level 4 of the Lair of Beasts)

   It inflicts no extra harm, but heals its wielder when it wounds a living foe.
   It protects you from cold.
Missiles
 b - 58 poisoned darts
 l - 28 boomerangs
 m - 2 datura-tipped darts
 n - 4 silver boomerangs
 r - 5 javelins (quivered)
 x - 2 throwing nets
Armour
 h - a +0 kite shield (worn)
 i - a +1 pair of boots of stealth (worn)
 o - the +0 ring mail "Odiupeu" {rPois rC+ MP+9}
   (You found it on level 5 of the Dungeon)

   It protects you from cold.
   It protects you from poison.
   It affects your magic capacity (+9).
 p - a +2 cloak (worn)
 y - a +1 troll leather armour
 I - a +1 hat of intelligence (worn)
 R - the +2 ring mail of Ynwiutto (worn) {Str+4 Stlth+}
   (You found it on level 4 of the Lair of Beasts)

   It affects your strength (+4).
   It makes you more stealthy.
Magical Staves
 a - an uncursed staff of cold
Jewellery
 c - an uncursed ring of ice
 q - an uncursed ring of wizardry
 A - an uncursed ring of flight
 M - a ring of stealth (right hand)
Wands
 u - a wand of flame (16)
 B - a wand of random effects (13)
 C - a wand of digging (6)
 E - a wand of iceblast (22)
 K - a wand of paralysis (9)
 N - a wand of clouds (5)
Scrolls
 g - 5 scrolls of remove curse
 j - 4 scrolls of amnesia
 k - a scroll of teleportation
 z - 3 scrolls of blinking
 L - 3 scrolls of magic mapping
 P - a scroll of enchant armour
 S - a scroll of identify
Potions
 d - 2 potions of ambrosia
 e - 2 potions of curing
 t - a potion of brilliance
 J - a potion of might
Miscellaneous
 F - a tin of tremorstones
Comestibles
 f - 21 rations


   Skills:
 + Level 14.0 Fighting
 - Level 14.0 Polearms
 - Level 2.0 Throwing
 + Level 10.9 Armour
 + Level 11.5 Dodging
 + Level 11.3 Shields


You had 12 spell levels left.
You didn't know any spells.
Your spell library contained the following spells:

 Spells                   Type           Power        Failure   Level  Hunger
 Freeze                   Ice            #...         69%         1    ##.....
 Magic Dart               Conj           #...         69%         1    ##.....
 Blink                    Tloc           N/A          83%         2    ###....
 Call Imp                 Summ           #.......     83%         2    ###....
 Slow                     Hex            #.......     83%         2    ###....
 Song of Slaying          Chrm           #.......     83%         2    ###....
 Sublimation of Blood     Necr           #.........   83%         2    ###....
 Conjure Flame            Conj/Fire      #.......     96%         3    ####...
 Frozen Ramparts          Ice            #.....       96%         3    ####...
 Mephitic Cloud           Conj/Pois/Air  #.......     96%         3    ####...
 Ozocubu's Armour         Chrm/Ice       #.......     96%         3    ####...
 Vampiric Draining        Necr           #.........   96%         3    ####...
 Hailstorm                Conj/Ice       #.......     100%        4    #####..
 Summon Ice Beast         Ice/Summ       #.......     100%        4    #####..
 Irradiate                Conj/Tmut      #.........   100%        5    ######.
 Hydra Form               Tmut           #.........   100%        6    #######
 Statue Form              Tmut/Erth      #........    100%        6    #######
 Dragon Form              Tmut           #.........   100%        7    #######


Dungeon Overview and Level Annotations

Branches:
Dungeon (10/15)            Temple (1/1) D:5            Lair (5/6) D:9
 Shoals (0/4) Lair:2       Spider (0/4) Lair:4          Orc (0/2) D:9
  IceCv (visited)
  Slime: Lair:5-6

Altars:
Ashenzari
Cheibriados
Dithmenos
Elyvilon
Fedhas
Gozag
Hepliaklqana
Kikubaaqudgha
Makhleb
Nemelex Xobeh
Okawaru
Qazlal
Ru
Sif Muna
Trog
Uskayaw
Vehumet
Wu Jian
Xom
Yredelemnul
Zin
The Shining One
Beogh

Annotations:
D:4 Edmund
Lair:1 exclusion: hydra
Lair:5 Nessos


Innate Abilities, Weirdness & Mutations

You reflexively headbutt those who attack you in melee.
You have a pair of horns on your head.


Message History

* * * LOW HITPOINT WARNING * * *
x2 You feel very sick.
Nessos zaps a wand.
Nessos creates a blast of freezing vapour!
Nessos zaps a wand.
Nessos creates a blast of flame!
You feel better.
You are engulfed in blazing flames.
* * * LOW HITPOINT WARNING * * *
The yak bellows!
You hear a bellow! x2
Nessos zaps a wand.
Nessos creates a blast of poison gas!
Nessos hits you but does no damage.
Unknown command.
Your ring mail of Ynwiutto prevents you from hitting Nessos.
The yak bellows!
You headbutt Nessos!
Nessos is severely wounded.
You are engulfed in blazing flames.
* * * LOW HITPOINT WARNING * * *
Nessos pounds the earth with their hooves.
Nessos barely misses you. Nessos hits you!
You die...

....... ##
..Y.....##.###
.#............##.
.#....§§§§........
......Y§§§§........
.........§§§§§.......
.)........§§§§§.......
.............§§@§......
............§§§§§c...#.#
............§§§§§...##
............§☼§§....#
............§§§......⌠.
...#..PP..(.§§......#..
#...#.......§....%P##...
#...#.#........#### #+
#...<....#.......


You could see Nessos and 2 yaks.

Vanquished Creatures
  A frost giant (IceCv)
  4 hydras
  A death yak (IceCv)
  A tengu warrior (D:9)
  An unseen horror (D:10)
  A lindwurm (Lair:2)
  3 elephants
  An ice statue (IceCv)
  A torpor snail (Lair:2)
  7 spiny frogs
  4 komodo dragons
  4 rime drakes
  A troll (D:9)
  14 polar bears
  4 merfolk (Lair:2)
  2 dream sheep (D:9)
  6 hippogriffs
  A slime creature (D:9)
  14 blink frogs
  A wyvern (D:9)
  4 spriggans (Lair:2)
  47 yaks
  A hungry ghost (D:9)
  3 basilisks
  A soldier ant (D:9)
  5 water moccasins
  A porcupine (Lair:1)
  5 sky beasts
  2 ice beasts
  5 orc warriors
  2 black bears
  2 phantoms
  An ogre (D:4)
  3 centaurs
  32 wolves
  7 big kobolds (D:9)
  6 crocodiles
  3 gnoll sergeants (D:9)
  7 bullfrogs
  4 scorpions
  3 killer bees (D:10)
  7 wights (D:6)
  A howler monkey (D:4)
  5 crimson imps
  2 centaur zombies
  3 hounds (D:4)
  5 jellies
  A centaur skeleton (D:10)
  9 orc priests
  A bullfrog skeleton (D:10)
  Crazy Yiuf (D:5)
  2 iguanas
  6 orc wizards
  6 worker ants
  A killer bee zombie (D:8)
  A hound zombie (D:6)
  A hound skeleton (D:4)
  A howler monkey zombie (D:5)
  A worker ant zombie (D:10)
  6 gnolls (D:9)
  A howler monkey skeleton (D:8)
  14 adders
  7 shadow imps
  An adder zombie (D:9)
  An ooze (D:2)
  3 adder skeletons
  4 worms
  A dart slug (D:3)
  3 leopard geckos
  40 orcs
  8 giant cockroaches
  5 goblins
  7 hobgoblins
  7 jackals
  5 kobolds
  4 quokkas
  8 bats
  3 frilled lizards
  A jackal skeleton (D:4)
  A leopard gecko skeleton (D:4)
  A leopard gecko zombie (D:9)
  2 quokka skeletons (D:4)
  A quokka zombie (D:5)
  9 rats
  A plant (Lair:2)
414 creatures vanquished.

Vanquished Creatures (others)
  2 worms (D:2)
  A giant cockroach (D:2)
  2 goblins (D:2)
  3 hobgoblins (D:2)
  A frilled lizard (D:2)
  A rat (D:2)
  6 fungi (Lair:3)
  6 plants
22 creatures vanquished.

Grand Total: 436 creatures vanquished

Notes
Turn   | Place    | Note
-------+----------+-------------------------------------------
     0 | D:1      | wvc the Minotaur Gladiator began the quest for the Orb.
     0 | D:1      | Reached XP level 1. HP: 18/18 MP: 0/0
   245 | D:1      | Reached XP level 2. HP: 25/25 MP: 1/1
   887 | D:1      | Reached skill level 5 in Polearms
   887 | D:1      | Reached XP level 3. HP: 27/30 MP: 2/2
   918 | D:2      | Reached XP level 4. HP: 30/37 MP: 3/3
  1282 | D:2      | Found a runed translucent door.
  1282 | D:2      | Noticed a human
  1289 | D:2      | Found a basalt altar of Yredelemnul.
  1291 | D:2      | Reached XP level 5. HP: 42/42 MP: 4/4
  1740 | D:2      | Found a faded altar of an unknown god.
  2475 | D:4      | Reached XP level 6. HP: 47/50 MP: 5/5
  2583 | D:4      | Found a shattered altar of Ashenzari.
  3243 | D:4      | Reached XP level 7. HP: 52/56 MP: 6/6
  3325 | D:4      | Reached skill level 10 in Polearms
  3717 | D:5      | Entered Level 5 of the Dungeon
  3735 | D:5      | Found a white marble altar of Elyvilon.
  3743 | D:5      | Noticed Edmund
  3871 | D:5      | Got a polished ring mail
  3885 | D:5      | Identified the cursed +0 ring mail "Odiupeu" {rPois rC+
                  | MP+9} (You found it on level 5 of the Dungeon)
  3933 | D:5      | Found a staircase to the Ecumenical Temple.
  3938 | Temple   | Entered the Ecumenical Temple
  4272 | Temple   | Became a worshipper of Warmaster Okawaru
  4346 | D:5      | Found a runed translucent door.
  4347 | D:5      | Noticed Crazy Yiuf
  4402 | D:5      | Killed Crazy Yiuf
  4657 | D:5      | Reached XP level 8. HP: 62/62 MP: 7/7
  5454 | D:6      | Found a hide-covered altar of Uskayaw.
  5469 | D:6      | Reached * piety under Okawaru
  6205 | D:6      | Reached XP level 9. HP: 45/68 MP: 8/8
  6500 | D:6      | Reached skill level 1 in Armour
  6854 | D:7      | Reached ** piety under Okawaru
  7049 | D:7      | You fall into a shaft and drop 3 floors!
  7049 | D:10     | Entered Level 10 of the Dungeon
  7118 | D:7      | Gained mutation: Your muscles are strong. (Str +2) [potion
                  | of mutation]
  7118 | D:7      | Gained mutation: You are covered in fur. (AC +1) [potion of
                  | mutation]
  7623 | D:7      | Found a blossoming altar of Fedhas.
  7936 | D:8      | Reached skill level 5 in Fighting
  7951 | D:8      | Reached skill level 5 in Armour
  7970 | D:8      | Reached *** piety under Okawaru
  7983 | D:8      | Reached XP level 10. HP: 51/84 MP: 9/9
  8299 | D:8      | Found a roughly hewn altar of Beogh.
  8622 | D:9      | Reached skill level 5 in Dodging
  8711 | D:9      | Found a staircase to the Lair.
  8776 | D:9      | Noticed an elephant
  8814 | D:9      | Killed an elephant
  8814 | D:9      | Reached **** piety under Okawaru
  8881 | D:9      | Found a staircase to the Orcish Mines.
  8907 | D:9      | Reached skill level 1 in Shields
  9066 | D:9      | Noticed a tengu warrior
  9082 | D:9      | Killed a tengu warrior
  9136 | D:9      | Reached ***** piety under Okawaru
  9632 | D:9      | Received a gift from Okawaru
  9645 | D:9      | Reached XP level 11. HP: 95/95 MP: 10/10
  9688 | D:9      | Noticed a three-headed hydra
  9800 | D:9      | Killed a three-headed hydra
  9800 | D:9      | Received a gift from Okawaru
 10239 | D:10     | Lost mutation: Your muscles are strong. (Str +2) [potion of
                  | mutation]
 10239 | D:10     | Lost mutation: You are covered in fur. (AC +1) [potion of
                  | mutation]
 10239 | D:10     | Gained mutation: Your spells are a little easier to cast,
                  | but a little less powerful. [potion of mutation]
 10239 | D:10     | Gained mutation: You tend to lose your temper in combat.
                  | [potion of mutation]
 10239 | D:10     | Gained mutation: You have a somewhat thin skeletal
                  | structure. (Dex +2, Stealth) [potion of mutation]
 10239 | D:10     | Gained mutation: You have sharp fingernails. [potion of
                  | mutation]
 10278 | D:10     | Killed an unseen horror
 10540 | Lair:1   | Entered Level 1 of the Lair of Beasts
 10555 | Lair:1   | Reached skill level 5 in Shields
 10624 | Lair:1   | Reached skill level 10 in Fighting
 10670 | Lair:1   | Noticed a five-headed hydra
 10851 | Lair:1   | Received a gift from Okawaru
 11005 | Lair:1   | Found a frozen archway.
 11030 | IceCv    | Entered an ice cave
 11609 | IceCv    | Reached XP level 12. HP: 81/110 MP: 11/11
 11637 | IceCv    | Received a gift from Okawaru
 11941 | IceCv    | Lost mutation: You have sharp fingernails. [potion of
                  | mutation]
 11941 | IceCv    | Lost mutation: You have a somewhat thin skeletal structure.
                  | (Dex +2, Stealth) [potion of mutation]
 11941 | IceCv    | Lost mutation: You tend to lose your temper in combat.
                  | [potion of mutation]
 11941 | IceCv    | Lost mutation: Your spells are a little easier to cast, but
                  | a little less powerful. [potion of mutation]
 11941 | IceCv    | Gained mutation: You are clumsy. (Dex -2) [potion of
                  | mutation]
 11941 | IceCv    | Lost mutation: You are clumsy. (Dex -2) [potion of
                  | mutation]
 11952 | IceCv    | Identified a scroll of acquirement
 12044 | IceCv    | Noticed a death yak
 12044 | IceCv    | Noticed a frost giant
 12068 | IceCv    | Killed a frost giant
 12083 | IceCv    | Killed a death yak
 12102 | IceCv    | Reached skill level 10 in Dodging
 12608 | IceCv    | Identified the Grimoire of Evil and Boosts
 12888 | Lair:1   | Reached skill level 10 in Armour
 13436 | Lair:2   | Noticed a six-headed hydra
 13456 | Lair:2   | Killed a six-headed hydra
 13647 | Lair:2   | Found a staircase to the Shoals.
 14300 | Lair:2   | Got an encrusted dagger
 14302 | Lair:2   | Identified the +9 dagger of World's End {protect, MR+
                  | Int+6} (You found it on level 2 of the Lair of Beasts)
 14392 | Lair:2   | Reached XP level 13. HP: 122/122 MP: 12/12
 15036 | Lair:2   | Reached ****** piety under Okawaru
 15036 | Lair:2   | Reached skill level 10 in Shields
 15281 | Lair:3   | Received a gift from Okawaru
 15376 | Lair:3   | Received a gift from Okawaru
 15438 | Lair:3   | Got a smoking falchion
 15439 | Lair:3   | Identified the +5 falchion "Onodearrat" {venom, rElec Int+5
                  | SInv} (You found it on level 3 of the Lair of Beasts)
 16672 | Lair:4   | Received a gift from Okawaru
 16673 | Lair:4   | Got an iridescent demon trident {god gift}
 16696 | Lair:4   | Identified the +4 demon trident "Tymedabe" {vamp, rC+}
                  | (Okawaru gifted it to you on level 4 of the Lair of Beasts)
 16836 | Lair:4   | Got a brightly glowing ring mail
 16847 | Lair:4   | Identified the +2 ring mail of Ynwiutto {Str+4 Stlth+} (You
                  | found it on level 4 of the Lair of Beasts)
 16978 | Lair:4   | Found a hole to the Spider Nest.
 17188 | Lair:5   | Noticed Nessos
 17201 | Lair:5   | Slain by Nessos

Levels and vault maps discovered:
D:1:      dpeg_arrival_short_road, layout_basic
D:2:      layout_loops_ring, chequers_ecumenical_altar_grove,
          dk_yredelemnul_ordeal
D:3:      layout_rooms, first_ration, kennysheep_flooded_box
D:4:      minmay_clustersquares, layout_basic, ashenzari_altar_1
D:5:      cheibrodos_quashed, layout_rooms, lemuel_crystal_altar,
          minmay_temple_entry_purple_smoke, uniq_edmund, uniq_crazy_yiuf_cottage
D:6:      layout_basic, basic_altar
D:7:      layout_loops_corners, fedhas_bush_and_centaur_altar
D:8:      layout_rooms, david_defended_altar_orc
D:9:      layout_basic, david_lair_generic,
          kennysheep_orc_monster_closet_entryway, hangedman_ranch
          [blue_anna_fruit_fields], minmay_fractal_squares_gapless_7
D:10:     layout_basic
Temple:   roderic_octagonal_lattice_temple
Lair:1:   layout_regular_city, portal_ice_cave_rime
Lair:2:   wad_woods_settlement, layout_big_grid, elwin_shoals_entry_stream,
          chequers_serial_rivers_micro_a, chequers_serial_rivers_large_a
Lair:3:   layout_small_grid
Lair:4:   layout_hall_layers, spider_nest_entry_web_field, grunt_megastairs_4,
          infiniplex_staircase_pool_2
Lair:5:   layout_hall_layers, slime_altar_1, grunt_megastairs_1, uniq_nessos

Skill      XL: |  1  2  3  4  5  6  7  8  9 10 11 12 13 |
---------------+----------------------------------------+-----
Polearms       | 4 5 6 8 9 11 13 14 | 14.0
Armour         | 6 9 10 | 10.9
Fighting       | 6 8 11 13 14 | 14.0
Dodging        | 4 6 9 10 11 | 11.5
Shields        | 3 7 9 11 | 11.3
Throwing       | |  2.0

Action                   |  1- 3 |  4- 6 |  7- 9 | 10-12 | 13-15 || total
-------------------------+-------+-------+-------+-------+-------++-------
Melee: Trident           |    52 |   191 |   381 |   584 |   242 ||  1450
       Headbutt          |     5 |    24 |    63 |   246 |    67 ||   405
       Spear             |       |       |       |   298 |    27 ||   325
       Demon trident     |       |       |       |       |    27 ||    27
Throw: Throwing net      |       |       |     7 |     1 |     1 ||     9
       Dart              |       |       |     3 |       |       ||     3
       Javelin           |       |       |       |       |     4 ||     4
Invok: Heroism           |       |       |     1 |     5 |     2 ||     8
Evoke: Wand              |       |       |       |    11 |       ||    11
  Use: Scroll            |       |     6 |     6 |    13 |     3 ||    28
       Potion            |       |       |     4 |     5 |     1 ||    10
 Stab: Sleeping          |       |     5 |     7 |    11 |     2 ||    25
       Distracted        |       |     1 |       |     1 |     2 ||     4
       Held in net/web   |       |       |     6 |       |     1 ||     7
  Eat: Chunk             |       |     4 |     6 |    11 |     6 ||    27
       Ration            |       |     1 |     3 |     3 |     1 ||     8
Armor: Leather armour    |     2 |       |       |       |       ||     2
       Ring mail         |     8 |    55 |    86 |   112 |    55 ||   316
       Troll leather arm |       |       |       |    43 |       ||    43
Dodge: Dodged            |    28 |    89 |   139 |   333 |   122 ||   711
Block: Kite shield       |       |       |       |   247 |   151 ||   398

Table legend:
 A = Non-vault XP
 B = Vault XP
 C = Vault XP percentage of total XP
 D = Non-vault monster count
 E = Vault monster count
 F = Vault count percentage of total count
                 A         B        C        D         E       F
            +---------+---------+-------+---------+---------+-------
      Total |   29740 |   23097 |  43.7 |     304 |     109 |  26.4
            +---------+---------+-------+---------+---------+-------
        D:1 |      54 |       0 |   0.0 |      12 |       0 |   0.0
        D:2 |     192 |       0 |   0.0 |      26 |       0 |   0.0
        D:3 |     112 |       0 |   0.0 |      27 |       0 |   0.0
        D:4 |     545 |     180 |  24.8 |      21 |       6 |  22.2
        D:5 |     630 |      39 |   5.8 |      24 |       1 |   4.0
        D:6 |    1385 |       0 |   0.0 |      20 |       0 |   0.0
        D:7 |     503 |     110 |  17.9 |      20 |       1 |   4.8
        D:8 |    2173 |     123 |   5.4 |      24 |       3 |  11.1
        D:9 |     557 |    6379 |  92.0 |      24 |      38 |  61.3
       D:10 |    1375 |       0 |   0.0 |      14 |       0 |   0.0
     Lair:1 |    5264 |     749 |  12.5 |      26 |       2 |   7.1
     Lair:2 |    4565 |    3272 |  41.8 |      12 |      11 |  47.8
     Lair:3 |    9728 |     823 |   7.8 |      39 |       3 |   7.1
     Lair:4 |    2567 |       0 |   0.0 |      14 |       0 |   0.0
     Lair:5 |      90 |       0 |   0.0 |       1 |       0 |   0.0
      IceCv |       0 |   11422 | 100.0 |       0 |      44 | 100.0
            +---------+---------+-------+---------+---------+-------
